AoeStats
← Hiroshi坐言

QS Arena

503430881Analyzed
3v3 RM · 1mo ago on Aug 31, 2026· 47m 13s· 6 players
Game mode
Random Map
Map size
Normal (6 player)
Population
200
Speed
Normal
Resources
Standard
Victory
Conquest
Starting age
Dark Age
Ending age
Imperial Age
RankedLock teamsTeams togetherTeam positionsShared explorationLock speedFull tech treeHidden civsTurbo modeCheats
Victory
Defeat
🇫🇷 Bengalis · France
1037
+14
🇫🇷 Goths · France
940
+18
🇭🇺 Mongols · Hungary
937
+18
🇹🇼 Cumans · Taiwan
1041
-19
1040
-19
🇦🇷 Britons · Argentina
874
-36
低頭有彼此 抬頭有奈何
7:12 Loom
9:58 Feudal Age
10:39 Feudal Age
16:05 Bloodlines
18:01 Castle Age
18:13 Double-Bit Axe
19:35 Husbandry
20:51 Pikeman
22:45 Light Cavalry
羽羽羽羽
9:37 Feudal Age
15:57 Castle Age
14:45 Double-Bit Axe
15:37 Fletching
17:42 Wheelbarrow
16:57 Loom
17:03 Horse Collar
23:46 Hand Cart
23:17 Town Watch
26:48 Bodkin Arrow
26:55 Padded Archer Armor
30:56 Imperial Age
28:46 Town Patrol
29:34 Leather Archer Armor
29:30 Steppe Husbandry
30:40 Heavy Plow
30:53 Bow Saw
30:35 Gold Mining
30:13 Light Cavalry
31:04 Bloodlines
32:37 Ring Archer Armor
33:16 Parthian Tactics
33:27 Scale Barding Armor
33:49 Hussar
36:05 Conscription
36:53 Chain Barding Armor
36:05 Onager
38:15 Plate Barding Armor
38:04 Ballistics
38:45 Chemistry
38:43 Siege Onager
41:38 Elite Kipchak
45:58 Crop Rotation
46:29 Two-Man Saw
Hiroshi坐言
9:57 Feudal Age
12:19 Wheelbarrow
12:30 Double-Bit Axe
12:27 Horse Collar
14:16 Loom
14:29 Gold Mining
17:14 Castle Age
17:28 Stone Mining
18:13 Hand Cart
26:32 Fletching
26:43 Padded Archer Armor
27:12 Husbandry
27:54 Bodkin Arrow
28:14 Leather Archer Armor
28:10 Forging
30:51 Town Watch
31:42 Town Patrol
31:54 Heavy Plow
35:53 Yeomen
benjaminvilmos
9:08 Feudal Age
10:39 Double-Bit Axe
11:24 Horse Collar
20:52 Castle Age
24:23 Bow Saw
24:16 Heavy Plow
30:34 Caravan
31:09 Stone Mining
31:11 Gold Mining
34:38 Imperial Age
31:57 Loom
32:50 Wheelbarrow
32:05 Town Watch
33:53 Hand Cart
35:43 Stone Shaft Mining
35:45 Gold Shaft Mining
35:24 Town Patrol
36:51 Chemistry
36:13 Ballistics
35:47 Fletching
35:58 Padded Archer Armor
36:47 Bodkin Arrow
37:38 Bracer
37:55 Leather Archer Armor
38:31 Elite Mangudai
39:38 Drill
39:42 Conscription
38:47 Capped Ram
39:43 Siege Ram
44:04 Bloodlines
43:55 Husbandry
44:10 Onager
47:10 Parthian Tactics
46:51 Thumb Ring
46:22 Siege Onager
Tonio19962785
8:14 Feudal Age
12:54 Castle Age
11:32 Double-Bit Axe
11:30 Horse Collar
14:31 Bow Saw
14:28 Heavy Plow
18:17 Wheelbarrow
18:37 Loom
19:21 Hand Cart
21:56 Town Watch
27:38 Imperial Age
24:59 Loom
25:15 Town Patrol
25:31 Forging
25:21 Scale Mail Armor
25:31 Squires
24:52 Pikeman
26:49 Iron Casting
27:07 Chain Mail Armor
27:59 Caravan
27:45 Halberdier
29:34 Blast Furnace
29:13 Perfusion
29:35 Conscription
29:59 Crop Rotation
31:06 Anarchy
34:34 Gold Mining
36:14 Elite Huskarl
Le Tatar Kirghize
7:48 Feudal Age
12:10 Castle Age
10:50 Double-Bit Axe
11:53 Horse Collar
12:51 Gold Mining
14:22 Loom
16:51 Fervor
17:35 Sanctity
26:15 Imperial Age
24:25 Redemption
26:42 Atonement
27:18 Bow Saw
29:03 Block Printing
29:26 Theocracy
29:00 Town Watch
30:23 Wheelbarrow
29:38 Siege Elephant
31:22 Ballistics
31:35 Illumination
32:20 Chemistry
36:42 Forging
36:24 Fletching
37:52 Two-Man Saw
36:55 Heavy Plow
37:20 Bodkin Arrow
37:26 Padded Archer Armor
36:48 Elite Elephant Archer
38:05 Bloodlines
37:56 Husbandry
38:31 Siege Engineers
39:22 Crop Rotation
40:58 Gold Mining
40:58 Stone Mining
42:59 Paiks
46:02 Conscription
47:51 Leather Archer Armor
47:36 Bracer
47:44 Scale Barding Armor
47:50 Forging
48:01 Hand Cart
Connection lost

Rejoining the realm…

Still unreachable

The connection could not be restored.

Session expired

The server has moved on; the page needs a fresh start.